 Dungeon Crawl Stone Soup version 0.21.0-24-g2553a33 (webtiles) character file.

130 Grimoiregrey the Changer (level 4, -5/35 HPs)
             Began as a Draconian Transmuter on Jan 21, 2018.
             Killed from afar by an orc wizard (12 damage)
             ... with a magic dart
             ... on level 3 of the Dungeon.
             The game lasted 00:14:49 (2507 turns).

Grimoiregrey the Changer (Draconian Transmuter)     Turns: 2507, Time: 00:14:50

Health: -5/35      AC:  6    Str: 13    XL:     4   Next: 89%
Magic:  7/7        EV: 12    Int: 14    God:
Gold:   100        SH:  0    Dex: 11    Spells: 6/7 levels left

rFire    . . .     SeeInvis .     - Unarmed
rCold    . . .     Gourm    .   (no shield)
rNeg     . . .     Faith    .   (armour unavailable)
rPois    .         Spirit   .   (helmet restricted)
rElec    .         Reflect  .   (no cloak)
rCorr    .         Harm     +   (no gloves)
MR       .....                  j - +0 pair of boots
Stlth    +.........             d - amulet of harm
HPRegen  0.11/turn              (no ring)
MPRegen  0.10/turn              (no ring)

@: no status effects
A: unfitting armour, cold-blooded, AC +5
a: no special abilities


You were on level 3 of the Dungeon.
You were hungry.

You visited 1 branch of the dungeon, and saw 4 of its levels.

You collected 100 gold pieces.

Inventory:

Missiles
 a - 24 arrows
Armour
 j - a +0 pair of boots (worn)
Jewellery
 d - an amulet of harm (around neck)
Scrolls
 e - 2 scrolls of identify {unknown}
 f - 3 scrolls of magic mapping {unknown}
 g - a scroll of enchant armour {unknown}
 l - 3 scrolls of teleportation {unknown}
 m - 2 scrolls of amnesia {unknown}
 o - a scroll of fear {unknown}
Potions
 h - 2 potions of brilliance {unknown}
 i - a potion of berserk rage {unknown}
 n - a potion of haste {unknown}
Books
 b - a book of Changes

   Spells                             Type                      Level
   a - Beastly Appendage              Transmutation                1
   b - Sticks to Snakes               Transmutation                2
   c - Spider Form                    Transmutation/Poison         3
   d - Ice Form                       Ice/Transmutation            4
   e - Blade Hands                    Transmutation                5
 k - a book of Misfortune

   Spells                             Type                      Level
   a - Confusing Touch                Hexes                        1
   b - Confuse                        Hexes                        3
   c - Gell's Gravitas                Translocation                3
   d - Petrify                        Transmutation/Earth          4
   e - Metabolic Englaciation         Hexes/Ice                    5
   f - Yara's Violent Unravelling     Hexes/Transmutation          5
Comestibles
 c - 4 rations


   Skills:
 - Level 1.1 Fighting
 - Level 1.7 Dodging
 - Level 3.8 Unarmed Combat
 - Level 2.2 Spellcasting
 + Level 4.3 Transmutations


You had 6 spell levels left.
You knew the following spells:

 Your Spells              Type           Power        Failure   Level  Hunger
a - Beastly Appendage     Tmut           ##....       3%          1    #......


Dungeon Overview and Level Annotations

Branches:
Dungeon (4/15)
 Temple: D:4-7

Altars:
Uskayaw


Innate Abilities, Weirdness & Mutations

Your plain brown scales are hard. (AC +5)
You cannot fit into any form of body armour.
You are cold-blooded and may be slowed by cold attacks.


Message History

The orc wizard is almost dead.
The orc wizard barely misses you. The orc wizard closely misses you.
You closely miss the orc wizard.
The orc wizard is almost dead.
The orc wizard barely misses you.
You closely miss the orc wizard.
The orc wizard is almost dead.
The orc wizard closely misses you.
The orc wizard casts a spell.
The orc wizard blinks!
The orc wizard gestures wildly while chanting.
The orc wizard blinks!
You see here a scale mail.
You hit the orc wizard but do no damage.
The orc wizard is severely wounded.
You closely miss the orc wizard.
The orc wizard is severely wounded.
The orc wizard points at you and mumbles some strange words.
The magic dart hits you!
You die...

#<# #.# #.# #.# #.. #.#
#.# #### #.# #.# #.# #.#
#.#.#.#
#.#.#.#########.#
#.#....@o)......#
##.#####.###.###########
.......>.....#
...#####.#######
#...............
#...####.#########
#................#
#.#.####.#######.# # #..
#.# #.#


You could see an orc wizard.

Vanquished Creatures
  An orc priest (D:3)
  3 adders
  2 oozes
  A worm (D:3)
  3 orcs (D:3)
  4 giant cockroaches
  6 goblins
  4 hobgoblins
  12 jackals
  4 kobolds
  A quokka (D:3)
  A ball python (D:1)
  6 bats
  A frilled lizard (D:1)
  5 rats
54 creatures vanquished.

Notes
Turn   | Place    | Note
-------+----------+-------------------------------------------
     0 | D:1      | Grimoiregrey the Draconian Transmuter began the quest for the Orb.
     0 | D:1      | Reached XP level 1. HP: 16/16 MP: 3/3
    43 | D:1      | Reached XP level 2. HP: 11/23 MP: 5/5
   869 | D:1      | Reached XP level 3. HP: 27/28 MP: 4/6
  1506 | D:2      | Reached skill level 3 in Transmutations
  1579 | D:2      | Noticed a dagger
  1580 | D:2      | Noticed a dagger
  1581 | D:2      | Found a hide-covered altar of Uskayaw.
  1970 | D:3      | Reached XP level 4. HP: 26/35 MP: 5/7
  2486 | D:3      | Reached skill level 4 in Transmutations
  2507 | D:3      | Killed from afar by an orc wizard

Skill      XL: |  1  2  3  4 |
---------------+-------------+-----
Transmutations | 3 4 |  4.3
Fighting       | |  1.1
Dodging        | |  1.7
Unarmed Combat | |  3.8
Spellcasting   | |  2.2

Action                   |  1- 3 |  4- 6 || total
-------------------------+-------+-------++-------
Melee: Unarmed           |   135 |    63 ||   198
       Tailslap          |    11 |     3 ||    14
       Kick              |     6 |     1 ||     7
       Headbutt          |     3 |     7 ||    10
       Punch             |       |     1 ||     1
 Cast: Beastly Appendage |    14 |     7 ||    21
  Eat: Chunk             |     3 |     2 ||     5
Armor: Skin              |    53 |     8 ||    61
Dodge: Dodged            |    93 |    41 ||   134
